Bruins vs Flyers
Created - 8 février 2015 at 21:49
Goals
|
| Bruins |
1 |
0 |
1 |
2 |
| Flyers |
0 |
1 |
3 |
4 |
|
Shots
|
| Bruins |
5 |
11 |
13 |
29 |
| Flyers |
6 |
12 |
17 |
35 |
|
1st period
1. Bruins , Victor Oreskovich 7 (Sydney Crosby, Ryan O'Byrne) at 10:25 (PP)
Penalties :
Trevor Daley (Phi) for Elbowing (Minor) at 2:27, Scottie Upshall (Bos) for Holding (Minor) at 6:11, Jeff Carter (Phi) for Hooking (Minor) at 10:12, Martin St. Louis (Phi) for Boarding (Minor) at 18:18
2nd period
2. Flyers , Jonathan Ericsson 5 (Eric Brewer) at 13:38
Penalties :
Matt Cooke (Bos) for Roughing (Minor) at 6:26, Eric Brewer (Phi) for Holding (Minor) at 15:56
3rd period
3. Flyers , Jeff Carter 28 (Scott Hartnell, Pascal Dupuis) at 15:24
4. Bruins , Matt Hendricks 4 (Dainius Zubrus, Matt Cooke) at 16:16
5. Flyers , Petr Schastlivy 6 (Matthew Lombardi) at 17:28
6. Flyers , Martin St. Louis 26 (Jeff Carter) at 19:40 (Empty Net)
Penalties :
Scott Hartnell (Phi) for Interference (Minor) at 0:11, Dainius Zubrus (Bos) for Hooking (Minor) at 2:34, Victor Oreskovich (Bos) for Hooking (Minor) at 10:42
Goalie Stats
Karri Ramo (Bos), 31 saves from 34 shots - (0,912), L, 1-2-0, 59:35 minutes
Antti Niemi (Phi), 27 saves from 29 shots - (0,931), W, 26-13-7, 60:00 minutes
Players Stats for Bruins
Player Name G A P +/- PIM S H SB GA TA FO MP PP MP PK MP
------------------------------------------------------------------------------------
Andrei Markov 0 0 0 -2 0 3 1 2 0 0 0/0 21:28 3:23 3:06
Andrew Alberts 0 0 0 -1 0 1 2 4 0 0 0/0 27:40 4:46 4:50
Christoph Schubert 0 0 0 0 0 1 0 1 1 0 0/0 10:52 0:00 0:00
Dainius Zubrus 0 1 1 1 2 4 3 2 0 0 0/0 15:15 0:09 1:06
Dave Bolland 0 0 0 0 0 0 0 0 0 0 1/3 5:25 0:00 0:17
Eric Lindros 0 0 0 -3 0 3 0 0 1 4 16/24 21:42 4:26 4:52
Jason Demers 0 0 0 0 0 0 0 1 0 1 0/0 10:52 0:00 0:00
Mark Stuart 0 0 0 -2 0 0 1 1 0 0 0/0 21:28 3:23 3:06
Matt Cooke 0 1 1 1 2 2 1 0 0 1 0/1 14:24 0:09 0:30
Matt Hendricks 1 0 1 1 0 3 1 0 0 0 5/10 12:45 0:00 0:00
Ryan O'Byrne 0 1 1 -1 0 2 3 2 0 1 0/0 26:32 4:46 4:50
Scottie Upshall 0 0 0 -1 2 0 0 1 2 0 0/0 18:39 3:34 1:53
Sydney Crosby 0 1 1 -1 0 4 2 1 0 1 7/10 19:04 3:34 2:20
Tom Gilbert 0 0 0 0 0 0 0 0 0 0 0/0 1:08 0:00 0:00
Victor Oreskovich 1 0 1 -1 2 4 1 0 1 0 1/1 16:43 3:34 0:00
Viktor Stalberg 0 0 0 0 0 0 0 0 0 0 0/0 5:58 0:09 0:00
Vitali Yachmenev 0 0 0 -3 0 0 1 0 0 0 0/1 16:09 4:26 0:00
Wojtek Wolski 0 0 0 -3 0 2 0 0 0 0 4/10 25:56 4:26 4:54
Players Stats for Flyers
Player Name G A P +/- PIM S H SB GA TA FO MP PP MP PK MP
------------------------------------------------------------------------------------
Eric Brewer 0 1 1 3 2 2 0 0 0 1 0/0 22:10 2:12 3:34
Jeff Carter 1 1 2 2 2 2 2 1 0 0 11/27 19:55 4:26 1:01
Jeff O'Neill 0 0 0 0 0 1 2 0 0 0 3/8 13:53 0:06 2:28
Jeff Woywitka 0 0 0 1 0 1 1 5 0 1 0/0 27:00 5:44 4:26
Jonathan Ericsson 1 0 1 3 0 2 1 2 1 0 0/0 25:44 3:32 5:14
Marcel Hossa 0 0 0 0 0 0 1 0 0 0 0/0 13:10 0:06 1:45
Martin St. Louis 1 0 1 2 2 5 1 0 2 1 1/2 18:13 4:26 0:00
Matthew Lombardi 0 1 1 1 0 1 1 0 0 0 4/7 11:23 0:00 4:40
Michael Ryder 0 0 0 0 0 7 3 1 1 0 0/0 11:25 0:06 0:00
Miroslav Satan 0 0 0 0 0 5 1 1 1 0 1/1 14:48 3:24 0:00
Pascal Dupuis 0 1 1 1 0 2 2 0 1 0 0/0 11:53 0:00 4:28
Paul Gaustad 0 0 0 1 0 1 1 0 0 0 5/11 15:34 3:24 0:00
Petr Schastlivy 1 0 1 1 0 1 0 0 0 0 0/0 6:54 0:00 0:12
Ryane Clowe 0 0 0 0 0 1 3 1 0 0 0/2 14:48 3:24 0:00
Scott Hannan 0 0 0 -1 0 0 0 0 0 0 0/0 11:32 0:00 0:52
Scott Hartnell 0 1 1 1 2 1 2 0 0 1 1/2 19:10 4:26 1:44
Stephane Robidas 0 0 0 1 0 1 0 1 2 0 0/0 22:30 4:24 0:52
Trevor Daley 0 0 0 -1 2 2 1 0 0 1 0/0 11:44 0:00 1:20
3 Stars
1 - Jonathan Ericsson (Phi)
2 - Jeff Carter (Phi)
3 - Matt Hendricks (Bos)
Power Play
Bruins - 1 on 5 Attempt(s) - 20,00%
Flyers - 0 on 4 Attempt(s) - 0,00%
Penalty Kill
Bruins - 4 on 4 Attempt(s) - 100,00%
- Score 0 goal in Penalty Kill
Flyers - 4 on 5 Attempt(s) - 80,00%
- Score 0 goal in Penalty Kill
Team Stat
Bruins - Hits : 16 - Faceoff Wins : 34 - Blocked Shots : 15 - Penalty Minutes : 8
Flyers - Hits : 22 - Faceoff Wins : 26 - Blocked Shots : 12 - Penalty Minutes : 10
Official
Referees : Fraser Kerry and Leggo Mike
Linesman : Brian Mach and Shane Heyer
Game Notes
Martin St. Louis has scored in a empty net!
Finance
Level 1 -- Attendance: 5614 (93,57%) -- Ticket Income 477 190 $
Level 2 -- Attendance: 4743 (94,86%) -- Ticket Income 237 150 $
Level 3 -- Attendance: 2000 (100,00%) -- Ticket Income 60 000 $
Level 4 -- Attendance: 3724 (93,10%) -- Ticket Income 74 480 $
Luxury Box -- Attendance: 900 (90,00%) -- Ticket Income 148 500 $
Game was played at the Wells Fargo Center'
Total Attendance: 16981 (94,34%)
Total Ticket Income: 997 320 $
Other Income: 149 598 $
Total Income: 1 146 918 $
Bruins
5 vs 5 Forward
Center Left Wing Right Wing Time % Phy DF OF
1 Eric Lindros Wojtek Wolski Vitali Yachmenev 40 1 2 2
2 Sydney Crosby Scottie Upshall Victor Oreskovich 30 1 2 2
3 Matt Hendricks Matt Cooke Dainius Zubrus 20 1 2 2
4 Dave Bolland Viktor Stalberg Wojtek Wolski 10 1 2 2
5 vs 5 Defense
Defense Defense Time % Phy DF OF
1 Andrew Alberts Ryan O'Byrne 40 1 2 2
2 Andrei Markov Mark Stuart 30 1 2 2
3 Jason Demers Christoph Schubert 20 1 2 2
4 Tom Gilbert Andrew Alberts 10 1 2 2
PowerPlay Forward
Center Left Wing Right Wing Time % Phy DF OF
1 Eric Lindros Wojtek Wolski Vitali Yachmenev 60 1 2 2
2 Sydney Crosby Scottie Upshall Victor Oreskovich 40 1 2 2
PowerPlay Defense
Defense Defense Time % Phy DF OF
1 Andrew Alberts Ryan O'Byrne 60 1 2 2
2 Andrei Markov Mark Stuart 40 1 2 2
Penalty Kill 4 Players Forward
Center Wing Time % Phy DF OF
1 Wojtek Wolski Eric Lindros 60 1 2 2
2 Sydney Crosby Scottie Upshall 40 1 2 2
Penalty Kill 4 Players Defense
Defense Defense Time % Phy DF OF
1 Andrew Alberts Ryan O'Byrne 60 1 2 2
2 Andrei Markov Mark Stuart 40 1 2 2
Penalty Kill - 3 Players Forward
Forward Time % Phy DF OF
1 Wojtek Wolski 60 1 2 2
2 Eric Lindros 40 1 2 2
Penalty Kill - 3 Players Defense
Defense Defense Time % Phy DF OF
1 Andrew Alberts Ryan O'Byrne 60 1 2 2
2 Andrei Markov Mark Stuart 40 1 2 2
4 vs 4 Forward
Center Wing Time % Phy DF OF
1 Wojtek Wolski Eric Lindros 60 1 2 2
2 Sydney Crosby Scottie Upshall 40 1 2 2
4 vs 4 Defense
Defense Defense Time % Phy DF OF
1 Andrew Alberts Ryan O'Byrne 60 1 2 2
2 Andrei Markov Mark Stuart 40 1 2 2
Last Minutes Offensive
Center Left Wing Right Wing Defense Defense
Eric Lindros Wojtek Wolski Vitali Yachmenev Andrew Alberts Ryan O'Byrne
Last Minutes Defensive
Center Left Wing Right Wing Defense Defense
Eric Lindros Wojtek Wolski Vitali Yachmenev Andrew Alberts Ryan O'Byrne
Goaltenders
Starting : Karri Ramo
Backup : Matt Zaba
Extra Forwards
Normal : Matt Cooke, Viktor Stalberg, Dainius Zubrus - PP : Matt Cooke, Viktor Stalberg - PK : Dainius Zubrus
Extra Defensemen
Normal : Jason Demers, Christoph Schubert, Tom Gilbert - PP : Jason Demers - PK : Christoph Schubert, Tom Gilbert
Penalty Shots
Wojtek Wolski, Eric Lindros, Sydney Crosby, Scottie Upshall, Matt Cooke
Flyers
5 vs 5 Forward
Center Left Wing Right Wing Time % Phy DF OF
1 Jeff Carter Scott Hartnell Martin St. Louis 40 1 2 2
2 Paul Gaustad Ryane Clowe Miroslav Satan 30 1 2 2
3 Jeff O'Neill Marcel Hossa Michael Ryder 20 1 2 2
4 Matthew Lombardi Petr Schastlivy Pascal Dupuis 10 1 2 2
5 vs 5 Defense
Defense Defense Time % Phy DF OF
1 Stephane Robidas Jeff Woywitka 35 1 2 2
2 Eric Brewer Jonathan Ericsson 35 1 2 2
3 Trevor Daley Scott Hannan 20 1 2 2
4 Stephane Robidas Jeff Woywitka 10 1 2 2
PowerPlay Forward
Center Left Wing Right Wing Time % Phy DF OF
1 Jeff Carter Scott Hartnell Martin St. Louis 60 1 2 2
2 Paul Gaustad Ryane Clowe Miroslav Satan 40 1 2 2
PowerPlay Defense
Defense Defense Time % Phy DF OF
1 Stephane Robidas Jeff Woywitka 50 1 2 2
2 Jeff Woywitka Jonathan Ericsson 50 1 2 2
Penalty Kill 4 Players Forward
Center Wing Time % Phy DF OF
1 Matthew Lombardi Pascal Dupuis 60 1 2 2
2 Jeff O'Neill Scott Hartnell 40 1 2 2
Penalty Kill 4 Players Defense
Defense Defense Time % Phy DF OF
1 Eric Brewer Jonathan Ericsson 60 1 2 2
2 Jeff Woywitka Trevor Daley 40 1 2 2
Penalty Kill - 3 Players Forward
Forward Time % Phy DF OF
1 Matthew Lombardi 60 1 2 2
2 Jeff O'Neill 40 1 2 2
Penalty Kill - 3 Players Defense
Defense Defense Time % Phy DF OF
1 Jonathan Ericsson Eric Brewer 60 1 2 2
2 Trevor Daley Jeff Woywitka 40 1 2 2
4 vs 4 Forward
Center Wing Time % Phy DF OF
1 Martin St. Louis Jeff Carter 60 1 2 2
2 Paul Gaustad Miroslav Satan 40 1 2 2
4 vs 4 Defense
Defense Defense Time % Phy DF OF
1 Stephane Robidas Jeff Woywitka 50 1 2 2
2 Eric Brewer Jonathan Ericsson 50 1 2 2
Last Minutes Offensive
Center Left Wing Right Wing Defense Defense
Jeff Carter Scott Hartnell Martin St. Louis Stephane Robidas Jeff Woywitka
Last Minutes Defensive
Center Left Wing Right Wing Defense Defense
Martin St. Louis Matthew Lombardi Pascal Dupuis Jeff Woywitka Jonathan Ericsson
Goaltenders
Starting : Antti Niemi
Backup : Chris Mason
Extra Forwards
Normal : Jeff Carter, Paul Gaustad, Martin St. Louis - PP : Jeff Carter, Miroslav Satan - PK : Matthew Lombardi
Extra Defensemen
Normal : Stephane Robidas, Jeff Woywitka, Eric Brewer - PP : Stephane Robidas - PK : Jeff Woywitka, Jonathan Ericsson
Penalty Shots
Jeff Carter, Jeff O'Neill, Miroslav Satan, Marcel Hossa, Martin St. Louis
% Time on Ice - Bruins
Lines # - Real PCT - Wanted PCT - Time Play
Normal Forward
1 - 28% - 40% - 12:05
2 - 31% - 30% - 13:10
3 - 30% - 20% - 12:45
4 - 12% - 10% - 5:08
Normal Defense
1 - 38% - 40% - 16:13
2 - 35% - 30% - 14:55
3 - 25% - 20% - 10:52
4 - 3% - 10% - 1:08
PP Forward
1 - 56% - 60% - 4:35
2 - 44% - 40% - 3:34
PP Defense
1 - 58% - 60% - 4:46
2 - 42% - 40% - 3:23
PK Forward
1 - 71% - 60% - 5:36
2 - 29% - 40% - 2:20
PK Defense
1 - 61% - 60% - 4:50
2 - 39% - 40% - 3:06
PK3 Forward
1 - 0% - 60%
2 - 0% - 40%
PK3 Defense
1 - 0% - 60%
2 - 0% - 40%
44 Forward
1 - 0% - 60%
2 - 0% - 40%
44 Defense
1 - 0% - 60%
2 - 0% - 40%
Last Minute Offensive - 0:47
Last Minute Defensive - 0:00
Total
Forward - 60:00
Defense - 60:00
|
% Time on Ice - Flyers
Lines # - Real PCT - Wanted PCT - Time Play
Normal Forward
1 - 33% - 40% - 14:05
2 - 26% - 30% - 11:24
3 - 26% - 20% - 11:05
4 - 15% - 10% - 6:35
Normal Defense
1 - 36% - 35% - 15:42
2 - 37% - 35% - 16:01
3 - 23% - 20% - 9:43
4 - 4% - 10% - 1:43
PP Forward
1 - 57% - 60% - 4:32
2 - 43% - 40% - 3:24
PP Defense
1 - 55% - 50% - 4:24
2 - 45% - 50% - 3:32
PK Forward
1 - 70% - 60% - 5:41
2 - 30% - 40% - 2:28
PK Defense
1 - 66% - 60% - 5:24
2 - 34% - 40% - 2:45
PK3 Forward
1 - 0% - 60%
2 - 0% - 40%
PK3 Defense
1 - 0% - 60%
2 - 0% - 40%
44 Forward
1 - 0% - 60%
2 - 0% - 40%
44 Defense
1 - 0% - 50%
2 - 0% - 50%
Last Minute Offensive - 0:00
Last Minute Defensive - 0:46
Total
Forward - 60:00
Defense - 60:00
|
Play by Play
1st period
0:01 of 1st period - Eric Lindros wins face-off versus Jeff Carter in neutral zone.
0:26 of 1st period - Vitali Yachmenev is hit by Michael Ryder and loses puck.
0:37 of 1st period - Snap shot by Wojtek Wolski.
0:37 of 1st period - Deflect By Vitali Yachmenev.
0:37 of 1st period - Shot Blocked by Jeff Woywitka.
0:37 of 1st period - Puck is out of play.
0:38 of 1st period - Sydney Crosby wins face-off versus Paul Gaustad in Flyers zone.
0:43 of 1st period - Wrist shot by Sydney Crosby.
0:43 of 1st period - Stopped by Antti Niemi without a rebound.
0:44 of 1st period - Sydney Crosby wins face-off versus Paul Gaustad in Flyers zone.
0:45 of 1st period - Snap shot by Victor Oreskovich.
0:45 of 1st period - Shot Blocked by Miroslav Satan.
0:47 of 1st period - Wrist shot by Andrei Markov.
0:47 of 1st period - Deflect By Ryane Clowe.
0:47 of 1st period - Stopped by Antti Niemi with a rebound.
0:59 of 1st period - Snap shot by Victor Oreskovich.
0:59 of 1st period - Shot Blocked by Jonathan Ericsson.
2:27 of 1st period - Minor Penalty to Trevor Daley for Elbowing.
2:28 of 1st period - Eric Lindros wins face-off versus Matthew Lombardi in Flyers zone.
2:43 of 1st period - Snap shot by Wojtek Wolski.
2:43 of 1st period - Shot Blocked by Jeff Woywitka.
4:27 of 1st period - Penalty to Trevor Daley is over, Trevor Daley is back on ice.
4:33 of 1st period - Pascal Dupuis is hit by Andrei Markov and loses puck.
5:08 of 1st period - Off-side.
5:09 of 1st period - Dave Bolland wins face-off versus Ryane Clowe in neutral zone.
5:22 of 1st period - Wrist shot by Paul Gaustad.
5:22 of 1st period - Shot Blocked by Jason Demers.
5:24 of 1st period - Snap shot by Miroslav Satan.
5:24 of 1st period - Stopped by Karri Ramo with a rebound.
5:34 of 1st period - Jeff O'Neill is hit by Dainius Zubrus and loses puck.
5:47 of 1st period - Snap shot by Matt Hendricks.
5:47 of 1st period - Stopped by Antti Niemi with a rebound.
6:11 of 1st period - Minor Penalty to Scottie Upshall for Holding.
6:12 of 1st period - Wojtek Wolski wins face-off versus Jeff Carter in Bruins zone.
6:27 of 1st period - Wrist shot by Jeff Carter.
6:27 of 1st period - Stopped by Karri Ramo without a rebound.
6:28 of 1st period - Miroslav Satan wins face-off versus Wojtek Wolski in Bruins zone.
6:35 of 1st period - Snap shot by Miroslav Satan.
6:35 of 1st period - Deflect By Wojtek Wolski.
6:35 of 1st period - Stopped by Karri Ramo with a rebound.
6:37 of 1st period - Wrist shot by Ryane Clowe.
6:37 of 1st period - Shot Misses the Net.
6:39 of 1st period - Slapshot by Jeff Woywitka.
6:39 of 1st period - Stopped by Karri Ramo without a rebound.
6:40 of 1st period - Jeff Carter wins face-off versus Wojtek Wolski in Bruins zone.
6:52 of 1st period - Off-side.
6:53 of 1st period - Jeff Carter wins face-off versus Wojtek Wolski in neutral zone.
8:11 of 1st period - Penalty to Scottie Upshall is over, Scottie Upshall is back on ice.
9:14 of 1st period - Snap shot by Paul Gaustad.
9:14 of 1st period - Shot Blocked by Ryan O'Byrne.
9:53 of 1st period - Andrei Markov is hit by Jeff O'Neill and loses puck.
10:12 of 1st period - Minor Penalty to Jeff Carter for Hooking.
10:13 of 1st period - Matthew Lombardi wins face-off versus Sydney Crosby in Flyers zone.
10:25 of 1st period - Wrist shot by Victor Oreskovich.
10:25 of 1st period - Goal by Victor Oreskovich - Bruins : 1 - Flyers : 0.
10:26 of 1st period - Jeff Carter wins face-off versus Eric Lindros in neutral zone.
10:33 of 1st period - Wrist shot by Wojtek Wolski.
10:33 of 1st period - Stopped by Antti Niemi without a rebound.
10:34 of 1st period - Eric Lindros wins face-off versus Jeff Carter in Flyers zone.
11:01 of 1st period - Snap shot by Paul Gaustad.
11:01 of 1st period - Stopped by Karri Ramo with a rebound.
11:19 of 1st period - Slapshot by Stephane Robidas.
11:19 of 1st period - Deflect By Michael Ryder.
11:19 of 1st period - Deflect By Matt Cooke.
11:19 of 1st period - Shot Hit the Post.
11:19 of 1st period - Puck is out of play.
11:20 of 1st period - Matt Hendricks wins face-off versus Jeff O'Neill in Bruins zone.
11:25 of 1st period - Michael Ryder is hit by Dainius Zubrus and loses puck.
12:47 of 1st period - Wrist shot by Jeff Carter.
12:47 of 1st period - Shot Misses the Net.
12:53 of 1st period - Jeff Carter is hit by Matt Hendricks and loses puck.
14:29 of 1st period - Snap shot by Michael Ryder.
14:29 of 1st period - Stopped by Karri Ramo without a rebound.
14:30 of 1st period - Eric Lindros wins face-off versus Jeff O'Neill in Bruins zone.
14:35 of 1st period - Mark Stuart is hit by Michael Ryder and loses puck.
14:56 of 1st period - Jonathan Ericsson is hit by Dainius Zubrus and loses puck.
15:19 of 1st period - Jonathan Ericsson is hit by Sydney Crosby and loses puck.
16:14 of 1st period - Wrist shot by Victor Oreskovich.
16:14 of 1st period - Shot Misses the Net.
16:42 of 1st period - Victor Oreskovich is hit by Matthew Lombardi and loses puck.
16:49 of 1st period - Wrist shot by Matthew Lombardi.
16:49 of 1st period - Shot Blocked by Mark Stuart.
16:51 of 1st period - Wrist shot by Matthew Lombardi.
16:51 of 1st period - Deflect By Pascal Dupuis.
16:51 of 1st period - Shot Misses the Net.
16:51 of 1st period - Puck is out of play.
16:52 of 1st period - Matt Hendricks wins face-off versus Jeff Carter in Bruins zone.
17:30 of 1st period - Snap shot by Paul Gaustad.
17:30 of 1st period - Shot Misses the Net.
18:09 of 1st period - Snap shot by Pascal Dupuis.
18:09 of 1st period - Shot Misses the Net.
18:18 of 1st period - Minor Penalty to Martin St. Louis for Boarding.
18:19 of 1st period - Matthew Lombardi wins face-off versus Eric Lindros in Flyers zone.
18:31 of 1st period - Wrist shot by Wojtek Wolski.
18:31 of 1st period - Shot Misses the Net.
18:33 of 1st period - Snap shot by Wojtek Wolski.
18:33 of 1st period - Deflect By Eric Lindros.
18:33 of 1st period - Shot Misses the Net.
18:33 of 1st period - Puck is out of play.
18:34 of 1st period - Matthew Lombardi wins face-off versus Vitali Yachmenev in Flyers zone.
18:34 of 1st period - Matthew Lombardi is hit by Andrew Alberts.
18:46 of 1st period - Pascal Dupuis is hit by Ryan O'Byrne and loses puck.
Goals for this period are 1 for Bruins vs 0 for Flyers.
Shots for this period are 5 for Bruins vs 6 for Flyers.
2nd period
0:01 of 2nd period - Matthew Lombardi wins face-off versus Eric Lindros in neutral zone.
0:10 of 2nd period - Snap shot by Eric Lindros.
0:10 of 2nd period - Stopped by Antti Niemi with a rebound.
0:18 of 2nd period - Penalty to Martin St. Louis is over, Martin St. Louis is back on ice.
0:36 of 2nd period - Snap shot by Martin St. Louis.
0:36 of 2nd period - Stopped by Karri Ramo with a rebound.
1:19 of 2nd period - Icing by Mark Stuart.
1:20 of 2nd period - Eric Lindros wins face-off versus Jeff Carter in Bruins zone.
1:36 of 2nd period - Wrist shot by Wojtek Wolski.
1:36 of 2nd period - Shot Blocked by Jeff Carter.
2:20 of 2nd period - Wrist shot by Eric Lindros.
2:20 of 2nd period - Stopped by Antti Niemi without a rebound.
2:21 of 2nd period - Sydney Crosby wins face-off versus Paul Gaustad in Flyers zone.
2:22 of 2nd period - Wrist shot by Victor Oreskovich.
2:22 of 2nd period - Stopped by Antti Niemi with a rebound.
2:36 of 2nd period - Snap shot by Miroslav Satan.
2:36 of 2nd period - Shot Blocked by Andrew Alberts.
2:46 of 2nd period - Matt Hendricks is hit by Marcel Hossa and loses puck.
2:53 of 2nd period - Slapshot by Ryan O'Byrne.
2:53 of 2nd period - Shot Misses the Net.
3:09 of 2nd period - Wojtek Wolski is hit by Pascal Dupuis and loses puck.
3:26 of 2nd period - Wrist shot by Ryane Clowe.
3:26 of 2nd period - Stopped by Karri Ramo with a rebound.
4:43 of 2nd period - Slapshot by Pascal Dupuis.
4:43 of 2nd period - Stopped by Karri Ramo with a rebound.
4:45 of 2nd period - Slapshot by Eric Brewer.
4:45 of 2nd period - Stopped by Karri Ramo with a rebound.
5:49 of 2nd period - Icing by Jason Demers.
5:50 of 2nd period - Victor Oreskovich wins face-off versus Paul Gaustad in Bruins zone.
5:50 of 2nd period - Victor Oreskovich is hit by Miroslav Satan.
6:06 of 2nd period - Wojtek Wolski is hit by Trevor Daley and loses puck.
6:26 of 2nd period - Minor Penalty to Matt Cooke for Roughing.
6:27 of 2nd period - Jeff Carter wins face-off versus Wojtek Wolski in Bruins zone.
6:38 of 2nd period - Backhand shot by Scott Hartnell.
6:38 of 2nd period - Shot Blocked by Andrew Alberts.
6:40 of 2nd period - Wrist shot by Scott Hartnell.
6:40 of 2nd period - Shot Misses the Net.
6:42 of 2nd period - Wrist shot by Martin St. Louis.
6:42 of 2nd period - Stopped by Karri Ramo with a rebound.
6:56 of 2nd period - Eric Lindros is hit by Ryane Clowe and loses puck.
7:01 of 2nd period - Slapshot by Miroslav Satan.
7:01 of 2nd period - Stopped by Karri Ramo without a rebound.
7:02 of 2nd period - Jeff Carter wins face-off versus Wojtek Wolski in Bruins zone.
8:26 of 2nd period - Penalty to Matt Cooke is over, Matt Cooke is back on ice.
8:29 of 2nd period - Matt Cooke is hit by Jeff O'Neill.
8:42 of 2nd period - Jeff Woywitka is hit by Andrew Alberts.
8:58 of 2nd period - Slapshot by Victor Oreskovich.
8:58 of 2nd period - Stopped by Antti Niemi without a rebound.
8:59 of 2nd period - Paul Gaustad wins face-off versus Sydney Crosby in Flyers zone.
9:19 of 2nd period - Icing by Scott Hannan.
9:20 of 2nd period - Paul Gaustad wins face-off versus Dave Bolland in Flyers zone.
9:29 of 2nd period - Snap shot by Martin St. Louis.
9:29 of 2nd period - Stopped by Karri Ramo without a rebound.
9:30 of 2nd period - Sydney Crosby wins face-off versus Scott Hartnell in Bruins zone.
9:40 of 2nd period - Icing by Scottie Upshall.
9:41 of 2nd period - Scott Hartnell wins face-off versus Sydney Crosby in Bruins zone.
9:44 of 2nd period - Wrist shot by Jeff Carter.
9:44 of 2nd period - Shot Misses the Net.
9:46 of 2nd period - Snap shot by Stephane Robidas.
9:46 of 2nd period - Stopped by Karri Ramo without a rebound.
9:47 of 2nd period - Eric Lindros wins face-off versus Jeff Carter in Bruins zone.
9:51 of 2nd period - Off-side.
9:52 of 2nd period - Martin St. Louis wins face-off versus Eric Lindros in neutral zone.
10:01 of 2nd period - Wrist shot by Wojtek Wolski.
10:01 of 2nd period - Shot Misses the Net.
10:25 of 2nd period - Wrist shot by Sydney Crosby.
10:25 of 2nd period - Stopped by Antti Niemi with a rebound.
10:37 of 2nd period - Matt Cooke is hit by Michael Ryder and loses puck.
10:44 of 2nd period - Slapshot by Andrei Markov.
10:44 of 2nd period - Stopped by Antti Niemi with a rebound.
10:46 of 2nd period - Slapshot by Mark Stuart.
10:46 of 2nd period - Shot Blocked by Michael Ryder.
12:47 of 2nd period - Wrist shot by Scott Hartnell.
12:47 of 2nd period - Stopped by Karri Ramo without a rebound.
12:48 of 2nd period - Jeff Carter wins face-off versus Matt Hendricks in Bruins zone.
13:16 of 2nd period - Slapshot by Andrei Markov.
13:16 of 2nd period - Stopped by Antti Niemi with a rebound.
13:38 of 2nd period - Slapshot by Jonathan Ericsson.
13:38 of 2nd period - Deflect By Wojtek Wolski.
13:38 of 2nd period - Goal by Jonathan Ericsson - Bruins : 1 - Flyers : 1.
13:39 of 2nd period - Eric Lindros wins face-off versus Jeff Carter in neutral zone.
13:50 of 2nd period - Wrist shot by Wojtek Wolski.
13:50 of 2nd period - Stopped by Antti Niemi without a rebound.
13:51 of 2nd period - Eric Lindros wins face-off versus Jeff Carter in Flyers zone.
13:54 of 2nd period - Snap shot by Eric Lindros.
13:54 of 2nd period - Shot Blocked by Jeff Woywitka.
14:16 of 2nd period - Paul Gaustad is hit by Ryan O'Byrne and loses puck.
14:39 of 2nd period - Wrist shot by Dainius Zubrus.
14:39 of 2nd period - Stopped by Antti Niemi without a rebound.
14:40 of 2nd period - Jeff Carter wins face-off versus Matt Hendricks in Flyers zone.
15:01 of 2nd period - Mark Stuart is hit by Jeff Carter and loses puck.
15:39 of 2nd period - Snap shot by Sydney Crosby.
15:39 of 2nd period - Stopped by Antti Niemi without a rebound.
15:40 of 2nd period - Eric Lindros wins face-off versus Jeff O'Neill in Flyers zone.
15:56 of 2nd period - Minor Penalty to Eric Brewer for Holding.
15:57 of 2nd period - Eric Lindros wins face-off versus Matthew Lombardi in Flyers zone.
16:32 of 2nd period - Snap shot by Andrew Alberts.
16:32 of 2nd period - Shot Blocked by Jonathan Ericsson.
17:08 of 2nd period - Vitali Yachmenev is hit by Scott Hartnell and loses puck.
17:29 of 2nd period - Slapshot by Jonathan Ericsson.
17:29 of 2nd period - Shot Blocked by Andrew Alberts.
17:56 of 2nd period - Penalty to Eric Brewer is over, Eric Brewer is back on ice.
18:10 of 2nd period - Slapshot by Miroslav Satan.
18:10 of 2nd period - Stopped by Karri Ramo without a rebound.
18:11 of 2nd period - Paul Gaustad wins face-off versus Matt Hendricks in Bruins zone.
18:14 of 2nd period - Snap shot by Ryane Clowe.
18:14 of 2nd period - Shot Blocked by Christoph Schubert.
18:16 of 2nd period - Slapshot by Trevor Daley.
18:16 of 2nd period - Shot Misses the Net.
18:18 of 2nd period - Slapshot by Trevor Daley.
18:18 of 2nd period - Deflect By Matt Cooke.
18:18 of 2nd period - Stopped by Karri Ramo without a rebound.
18:19 of 2nd period - Matt Hendricks wins face-off versus Paul Gaustad in Bruins zone.
18:42 of 2nd period - Snap shot by Sydney Crosby.
18:42 of 2nd period - Stopped by Antti Niemi without a rebound.
18:43 of 2nd period - Sydney Crosby wins face-off versus Jeff Carter in Flyers zone.
19:08 of 2nd period - Marcel Hossa is hit by Ryan O'Byrne and loses puck.
19:29 of 2nd period - Backhand shot by Jeff O'Neill.
19:29 of 2nd period - Deflect By Paul Gaustad.
19:29 of 2nd period - Shot Blocked by Dainius Zubrus.
19:29 of 2nd period - Puck is out of play.
19:30 of 2nd period - Matt Hendricks wins face-off versus Paul Gaustad in Bruins zone.
19:30 of 2nd period - Matt Hendricks is hit by Paul Gaustad.
19:40 of 2nd period - Snap shot by Stephane Robidas.
19:40 of 2nd period - Shot Blocked by Dainius Zubrus.
19:55 of 2nd period - Ryane Clowe is hit by Matt Cooke and loses puck.
Goals for this period are 0 for Bruins vs 1 for Flyers.
Shots for this period are 11 for Bruins vs 12 for Flyers.
3rd period
0:01 of 3rd period - Eric Lindros wins face-off versus Jeff Carter in neutral zone.
0:08 of 3rd period - Wrist shot by Eric Lindros.
0:08 of 3rd period - Stopped by Antti Niemi without a rebound.
0:09 of 3rd period - Jeff Carter wins face-off versus Eric Lindros in Flyers zone.
0:11 of 3rd period - Minor Penalty to Scott Hartnell for Interference.
0:12 of 3rd period - Eric Lindros wins face-off versus Matthew Lombardi in Flyers zone.
0:38 of 3rd period - Jonathan Ericsson is hit by Victor Oreskovich and loses puck.
2:11 of 3rd period - Penalty to Scott Hartnell is over, Scott Hartnell is back on ice.
2:21 of 3rd period - Slapshot by Eric Brewer.
2:21 of 3rd period - Stopped by Karri Ramo with a rebound.
2:25 of 3rd period - Slapshot by Paul Gaustad.
2:25 of 3rd period - Shot Blocked by Andrei Markov.
2:27 of 3rd period - Slapshot by Stephane Robidas.
2:27 of 3rd period - Deflect By Paul Gaustad.
2:27 of 3rd period - Shot Misses the Net.
2:27 of 3rd period - Puck is out of play.
2:28 of 3rd period - Paul Gaustad wins face-off versus Matt Hendricks in Bruins zone.
2:34 of 3rd period - Minor Penalty to Dainius Zubrus for Hooking.
2:35 of 3rd period - Wojtek Wolski wins face-off versus Jeff Carter in Bruins zone.
2:49 of 3rd period - Snap shot by Martin St. Louis.
2:49 of 3rd period - Stopped by Karri Ramo with a rebound.
3:19 of 3rd period - Wojtek Wolski is hit by Ryane Clowe and loses puck.
4:34 of 3rd period - Penalty to Dainius Zubrus is over, Dainius Zubrus is back on ice.
4:34 of 3rd period - Wrist shot by Marcel Hossa.
4:34 of 3rd period - Shot Misses the Net.
4:36 of 3rd period - Snap shot by Michael Ryder.
4:36 of 3rd period - Stopped by Karri Ramo with a rebound.
4:38 of 3rd period - Snap shot by Michael Ryder.
4:38 of 3rd period - Stopped by Karri Ramo with a rebound.
4:40 of 3rd period - Wrist shot by Marcel Hossa.
4:40 of 3rd period - Shot Blocked by Scottie Upshall.
4:42 of 3rd period - Slapshot by Scott Hannan.
4:42 of 3rd period - Shot Blocked by Andrei Markov.
5:18 of 3rd period - Off-side.
5:19 of 3rd period - Jeff O'Neill wins face-off versus Dave Bolland in neutral zone.
5:38 of 3rd period - Wojtek Wolski is hit by Jonathan Ericsson and loses puck.
6:01 of 3rd period - Wrist shot by Wojtek Wolski.
6:01 of 3rd period - Deflect By Paul Gaustad.
6:01 of 3rd period - Shot Blocked by Jeff Woywitka.
6:01 of 3rd period - Puck is out of play.
6:02 of 3rd period - Sydney Crosby wins face-off versus Jeff Carter in Flyers zone.
6:03 of 3rd period - Snap shot by Victor Oreskovich.
6:03 of 3rd period - Stopped by Antti Niemi without a rebound.
6:04 of 3rd period - Sydney Crosby wins face-off versus Jeff Carter in Flyers zone.
6:19 of 3rd period - Victor Oreskovich is hit by Martin St. Louis and loses puck.
6:30 of 3rd period - Slapshot by Ryan O'Byrne.
6:30 of 3rd period - Stopped by Antti Niemi with a rebound.
6:32 of 3rd period - Snap shot by Matt Hendricks.
6:32 of 3rd period - Shot Misses the Net.
6:34 of 3rd period - Slapshot by Andrew Alberts.
6:34 of 3rd period - Deflect By Trevor Daley.
6:34 of 3rd period - Stopped by Antti Niemi with a rebound.
6:36 of 3rd period - Backhand shot by Matt Hendricks.
6:36 of 3rd period - Shot Blocked by Ryane Clowe.
6:38 of 3rd period - Slapshot by Dainius Zubrus.
6:38 of 3rd period - Stopped by Antti Niemi without a rebound.
6:39 of 3rd period - Jeff Carter wins face-off versus Eric Lindros in Flyers zone.
6:39 of 3rd period - Jeff Carter is hit by Vitali Yachmenev.
6:45 of 3rd period - Vitali Yachmenev is hit by Jeff Carter.
7:03 of 3rd period - Jeff Woywitka is hit by Mark Stuart and loses puck.
7:21 of 3rd period - Off-side.
7:22 of 3rd period - Jeff O'Neill wins face-off versus Matt Cooke in neutral zone.
7:24 of 3rd period - Off-side.
7:25 of 3rd period - Matt Hendricks wins face-off versus Jeff O'Neill in neutral zone.
7:34 of 3rd period - Snap shot by Michael Ryder.
7:34 of 3rd period - Shot Blocked by Ryan O'Byrne.
8:12 of 3rd period - Stephane Robidas is hit by Sydney Crosby.
8:18 of 3rd period - Slapshot by Miroslav Satan.
8:18 of 3rd period - Shot Misses the Net.
8:20 of 3rd period - Slapshot by Stephane Robidas.
8:20 of 3rd period - Shot Blocked by Sydney Crosby.
9:46 of 3rd period - Snap shot by Petr Schastlivy.
9:46 of 3rd period - Shot Misses the Net.
9:48 of 3rd period - Slapshot by Trevor Daley.
9:48 of 3rd period - Shot Misses the Net.
9:50 of 3rd period - Snap shot by Pascal Dupuis.
9:50 of 3rd period - Shot Misses the Net.
9:52 of 3rd period - Wrist shot by Matthew Lombardi.
9:52 of 3rd period - Stopped by Karri Ramo with a rebound.
10:42 of 3rd period - Minor Penalty to Victor Oreskovich for Hooking.
10:43 of 3rd period - Jeff Carter wins face-off versus Wojtek Wolski in Bruins zone.
11:19 of 3rd period - Icing by Miroslav Satan.
11:20 of 3rd period - Wojtek Wolski wins face-off versus Ryane Clowe in Flyers zone.
11:21 of 3rd period - Slapshot by Eric Lindros.
11:21 of 3rd period - Shot Misses the Net.
11:29 of 3rd period - Eric Lindros is hit by Ryane Clowe and loses puck.
11:52 of 3rd period - Mark Stuart is hit by Scott Hartnell and loses puck.
12:07 of 3rd period - Icing by Paul Gaustad.
12:08 of 3rd period - Paul Gaustad wins face-off versus Eric Lindros in Flyers zone.
12:31 of 3rd period - Snap shot by Scott Hartnell.
12:31 of 3rd period - Shot Misses the Net.
12:33 of 3rd period - Snap shot by Scott Hartnell.
12:33 of 3rd period - Shot Blocked by Andrew Alberts.
12:35 of 3rd period - Slapshot by Jonathan Ericsson.
12:35 of 3rd period - Stopped by Karri Ramo without a rebound.
12:36 of 3rd period - Wojtek Wolski wins face-off versus Jeff Carter in Bruins zone.
12:36 of 3rd period - Wojtek Wolski is hit by Jeff Woywitka.
12:42 of 3rd period - Penalty to Victor Oreskovich is over, Victor Oreskovich is back on ice.
13:02 of 3rd period - Wrist shot by Matt Cooke.
13:02 of 3rd period - Stopped by Antti Niemi with a rebound.
13:41 of 3rd period - Viktor Stalberg is hit by Pascal Dupuis and loses puck.
13:46 of 3rd period - Snap shot by Matthew Lombardi.
13:46 of 3rd period - Shot Misses the Net.
13:48 of 3rd period - Slapshot by Trevor Daley.
13:48 of 3rd period - Stopped by Karri Ramo with a rebound.
13:50 of 3rd period - Snap shot by Pascal Dupuis.
13:50 of 3rd period - Stopped by Karri Ramo with a rebound.
13:52 of 3rd period - Wrist shot by Petr Schastlivy.
13:52 of 3rd period - Shot Misses the Net.
14:06 of 3rd period - Slapshot by Ryan O'Byrne.
14:06 of 3rd period - Stopped by Antti Niemi without a rebound.
14:07 of 3rd period - Jeff Carter wins face-off versus Matt Hendricks in Flyers zone.
14:12 of 3rd period - Snap shot by Matt Hendricks.
14:12 of 3rd period - Stopped by Antti Niemi with a rebound.
14:14 of 3rd period - Wrist shot by Matt Cooke.
14:14 of 3rd period - Shot Blocked by Jeff Woywitka.
14:16 of 3rd period - Slapshot by Jason Demers.
14:16 of 3rd period - Shot Blocked by Stephane Robidas.
14:18 of 3rd period - Slapshot by Christoph Schubert.
14:18 of 3rd period - Shot Misses the Net.
14:20 of 3rd period - Slapshot by Christoph Schubert.
14:20 of 3rd period - Stopped by Antti Niemi with a rebound.
14:30 of 3rd period - Wrist shot by Miroslav Satan.
14:30 of 3rd period - Stopped by Karri Ramo with a rebound.
15:24 of 3rd period - Snap shot by Jeff Carter.
15:24 of 3rd period - Goal by Jeff Carter - Bruins : 1 - Flyers : 2.
15:25 of 3rd period - Eric Lindros wins face-off versus Jeff Carter in neutral zone.
16:12 of 3rd period - Wrist shot by Matt Cooke.
16:12 of 3rd period - Stopped by Antti Niemi with a rebound.
16:14 of 3rd period - Wrist shot by Dainius Zubrus.
16:14 of 3rd period - Stopped by Antti Niemi with a rebound.
16:16 of 3rd period - Snap shot by Matt Hendricks.
16:16 of 3rd period - Goal by Matt Hendricks - Bruins : 2 - Flyers : 2.
16:17 of 3rd period - Eric Lindros wins face-off versus Jeff O'Neill in neutral zone.
16:48 of 3rd period - Snap shot by Michael Ryder.
16:48 of 3rd period - Stopped by Karri Ramo with a rebound.
16:50 of 3rd period - Snap shot by Jeff O'Neill.
16:50 of 3rd period - Shot Misses the Net.
17:28 of 3rd period - Slapshot by Petr Schastlivy.
17:28 of 3rd period - Goal by Petr Schastlivy - Bruins : 2 - Flyers : 3.
17:29 of 3rd period - Eric Lindros wins face-off versus Jeff Carter in neutral zone.
18:24 of 3rd period - Wrist shot by Dainius Zubrus.
18:24 of 3rd period - Stopped by Antti Niemi with a rebound.
18:57 of 3rd period - Icing by Petr Schastlivy.
18:58 of 3rd period - Eric Lindros wins face-off versus Martin St. Louis in Flyers zone.
19:15 of 3rd period - Bruins, Karri Ramo is pulled from the net.
19:40 of 3rd period - Snap shot by Martin St. Louis.
19:40 of 3rd period - Goal by Martin St. Louis - Bruins : 2 - Flyers : 4.
19:40 of 3rd period - Karri Ramo from Bruins was sent back in the game.
19:41 of 3rd period - Jeff O'Neill wins face-off versus Eric Lindros in neutral zone.
19:51 of 3rd period - Wrist shot by Jeff O'Neill.
19:51 of 3rd period - Stopped by Karri Ramo with a rebound.
19:53 of 3rd period - Slapshot by Michael Ryder.
19:53 of 3rd period - Stopped by Karri Ramo with a rebound.
19:55 of 3rd period - Snap shot by Michael Ryder.
19:55 of 3rd period - Stopped by Karri Ramo with a rebound.
19:57 of 3rd period - Wrist shot by Michael Ryder.
19:57 of 3rd period - Stopped by Karri Ramo with a rebound.
Goals for this period are 1 for Bruins vs 3 for Flyers.
Shots for this period are 13 for Bruins vs 17 for Flyers.
Output by the SimonT Hockey Simulator (STHS) for François Prévost -- Original Page W3C XHTML 1.0 Valid